 Dungeon Sprint DCSS version 0.30-a0-847-g17996783a1 (webtiles) character file.

Game seed: 12197469699860006571

933 dialectric the Fighter (level 8, -5/60 HPs)
             Began as a Gargoyle Fighter on Mar 3, 2023.
             Slain by Menkaure (8 damage)
             ... in the Dungeon (Sprint II: "The Violet Keep of Menkaure").
             The game lasted 00:00:52 (102 turns).

dialectric the Fighter (Gargoyle Fighter)            Turns: 102, Time: 00:00:53

Health: -5/60      AC: 14    Str: 21    XL:     8   Next: 11%
Magic:  8/8        EV: 11    Int:  8    God:
Gold:   729        SH:  0    Dex: 11    Spells: 7/7 levels left

rFire   . . .      SeeInvis .    a - +0 long sword
rCold   . . .      Faith    .    (no shield)
rNeg    + . .      Spirit   .    b - +0 scale mail
rPois   ∞          Reflect  .    (no helmet)
rElec   +          Rampage  .    (no cloak)
rCorr   .          NoTele   +    (no gloves)
Will    .....                    (no boots) Stlth
                                 (no amulet)
HPRegen 0.30/turn                (no ring)
MPRegen 0.11/turn                (no ring)

@: on berserk cooldown, slowed, very slow
A: sickness immunity, AC +5, negative energy resistance 1, electricity
resistance, torment resistance 1, petrification resistance
a: no special abilities


You were in the Dungeon.
You visited 1 branch You collected 729 gold pieces.

Inventory:

Hand Weapons
 a - a +0 long sword (weapon)
Armour
 b - a +0 scale mail (worn)
 c - a +0 buckler
Scrolls
 j - a scroll of blinking
Potions
 g - a potion of haste
 h - 2 potions of magic


   Skills:
 + Level 11.4 Fighting
 + Level 8.3 Long Blades
 + Level 11.4 Armour
 + Level 3.6 Dodging
 - Level 3.2 Shields


You had 7 spell levels left.
You didn't know any spells.
Your spell library was empty.

Dungeon Overview and Level Annotations

Branches:
Dungeon (1/1)

Altars:

Annotations:
D exclusion: obsidian statue, Menkaure


Innate Abilities, Weirdness & Mutations

You are immune to sickness and miasma.
Your stone body is resilient. (AC +5)
You are immune to poison.
You resist negative energy. (rN+)
You are resistant to electric shocks. (rElec)
You are resistant to unholy torment.
You are immune to petrification.


Message History

The water moccasin is lightly wounded.
The water moccasin bites you but does no damage. x2
You slash the water moccasin!
The water moccasin is moderately wounded.
The water moccasin bites you. The water moccasin barely misses you.
You hit the water moccasin but do no damage.
The water moccasin is moderately wounded.
The water moccasin barely misses you. The water moccasin closely misses you.
You hit the water moccasin but do no damage.
The water moccasin is moderately wounded.
The water moccasin bites you but does no damage.
The water moccasin bites you. The water moccasin closely misses you.
Unknown command.
Unknown command.
The water moccasin barely misses you.
Unknown command.
You barely miss the water moccasin.
The water moccasin is moderately wounded.
The water moccasin bites you.
The water moccasin bites you but does no damage.
You slash the water moccasin!
The water moccasin is severely wounded.
The water moccasin bites you but does no damage.
The water moccasin bites you. x2
* * * LOW HITPOINT WARNING * * *
You closely miss the water moccasin.
The water moccasin is severely wounded.
The water moccasin barely misses you.
You slash the water moccasin!
The water moccasin is almost dead.
The water moccasin closely misses you. x2
You hit the water moccasin.
You kill the water moccasin!
Menkaure hits you!
* * * LOW HITPOINT WARNING * * *
You completely miss Menkaure.
Menkaure is heavily damaged.
Menkaure hits you!
You die...

## ###
##.###+###.##
#...##.##...#
#.†.<.')#.+
#...##.##...#
##.###†###.##
####.#@####
#.###M#
##.#.## #M##
#~~~~~~~~§§≈
#+++#+++#~≈≈
... ... ..8..


You could see Menkaure.

Vanquished Creatures
  A merfolk siren (D)
  2 wyverns (D)
  A water moccasin (D)
  4 necrophages (D)
8 creatures vanquished.

Notes
Turn   | Place    | Note
-------+----------+-------------------------------------------
     0 | D        | dialectric the Gargoyle Fighter began the quest for the
                  | Orb.
     0 | D        | Reached XP level 1. HP: 14/14 MP: 1/1
     8 | D        | Noticed a necrophage
     8 | D        | Noticed a necrophage
     8 | D        | Noticed a necrophage
     8 | D        | Noticed a necrophage
    18 | D        | Killed a necrophage
    19 | D        | Reached skill level 5 in Fighting
    19 | D        | Reached skill level 5 in Armour
    19 | D        | Reached XP level 2. HP: 18/22 MP: 2/2
    19 | D        | Reached XP level 3. HP: 22/27 MP: 3/3
    19 | D        | Reached XP level 4. HP: 26/32 MP: 4/4
    26 | D        | Killed a necrophage
    27 | D        | Reached XP level 5. HP: 19/37 MP: 5/5
    39 | D        | Reached XP level 6. HP: 11/45 MP: 6/6
    46 | D        | Noticed a merfolk siren
    55 | D        | Killed a merfolk siren
    56 | D        | Reached skill level 10 in Fighting
    56 | D        | Reached skill level 10 in Armour
    56 | D        | Reached XP level 7. HP: 39/53 MP: 7/7
    65 | D        | Noticed a wyvern
    65 | D        | Noticed a wyvern
    70 | D        | Killed a wyvern
    77 | D        | Killed a wyvern
    78 | D        | Reached XP level 8. HP: 52/60 MP: 8/8
    81 | D        | Noticed an obsidian statue
    83 | D        | Noticed Menkaure
   101 | D        | HP: 3/60 [Menkaure (13)]
   102 | D        | Slain by Menkaure

Illustrated notes

Levels and vault maps discovered:
D:        the_violet_keep_of_menkaure [sprint2_stairs_cluster_1,
          sprint2_shoproom, sprint2_temple, sprint2_basic_supplies,
          sprint2_obstacle_3, sprint2_obstacle_2, sprint2_obstacle_5,
          sprint2_obstacle_7, sprint2_obstacle_4, sprint2_timed_cluster_1,
          sprint2_smallroom_cluster_1, sprint2_smallroom_final_cluster_1,
          sprint2_transparent_cluster_1, sprint2_second_timed_cluster_1,
          sprint2_sniper_area_1, sprint2_heavy_combat_area_1,
          sprint2_mutation_trap_area_1, sprint2_forest_area_1,
          sprint2_light_combat_area_1, sprint2_behind_water_1,
          sprint2_near_end_vault_1]

Skill      XL: |  1  2  3  4  5  6  7 |
---------------+----------------------+-----
Fighting       | 5 6 8 10 11 | 11.4
Long Blades    | 2 3 4 6 8 |  8.3
Armour         | 5 6 8 10 11 | 11.4
Dodging        | 2 3 |  3.6
Shields        | |  3.2

Action                     |  1- 3 |  4- 6 |  7- 9 || total
---------------------------+-------+-------+-------++-------
  Melee: Long sword        |     8 |    26 |    25 ||    59
    Use: Potion            |     2 |     1 |     1 ||     4
 Armour: Scale mail        |     4 |     7 |    11 ||    22
  Dodge: Dodged            |     2 |     7 |    18 ||    27

Table legend: (Time is in decaauts)
 A = Elapsed time spent in this place.
 B = Non-inter-level travel time spent in this place.
 C = Inter-level travel time spent in this place.
 D = Time resting spent in this place.
 E = Time spent auto-exploring this place.
 F = Levels seen in this place.
 G = Mean time per level.
                   A        B        C        D        E       F      G
               +--------+--------+--------+--------+--------+-----+--------+
         Total |    116 |    116 |      0 |      0 |      0 |   1 |  116.0 |
       Dungeon |    116 |    116 |      0 |      0 |      0 |   1 |  116.0 |
               +--------+--------+--------+--------+--------+-----+--------+

Top non-repeatable levels by time:
       D: 116 daAuts
